 Dungeon Crawl Stone Soup version 0.29-a0-495-g17b79114eb (webtiles) character file.

Game seed: 10303662886744207573

119 Zdeegee the Covered (level 4, 0/41 HPs)
             Began as a Minotaur Fighter on May 28, 2022.
             Killed from afar by Grinder (8 damage)
             ... with a puff of flame
             ... on level 3 of the Dungeon.
             The game lasted 00:02:55 (2313 turns).

Zdeegee the Covered (Minotaur Fighter)              Turns: 2313, Time: 00:02:55

Health: 0/41       AC: 12    Str: 25    XL:     4   Next: 73%
Magic:  3/3        EV:  9    Int:  5    God:
Gold:   150        SH:  4    Dex:  9    Spells: 3/3 levels left

rFire   . . .      SeeInvis .   a - +0 war axe
rCold   . . .      Faith    .   c - +0 buckler
rNeg    . . .      Spirit   .   l - +5 scale mail of Zoteno {rElec Str+2}
rPois   .          Reflect  .   (helmet restricted)
rElec   +          Harm     .   (no cloak)
rCorr   .          Rampage  .   (no gloves)
Will    .....                   (no boots)
Stlth   ..........              (no amulet)
HPRegen 0.13/turn               (no ring)
MPRegen 0.08/turn               (no ring)

@: mighty
A: horns 2, retaliatory headbutt
a: no special abilities


You were on level 3 of the Dungeon.
You visited 1 branch of the dungeon, and saw 3 of its levels.

You collected 150 gold pieces.

Inventory:

Hand Weapons
 a - a +0 war axe (weapon)
Armour
 b - a +0 scale mail
 c - a +0 buckler (worn)
 l - the +5 scale mail of Zoteno (worn) {rElec Str+2}
   (You found it on level 2 of the Dungeon)

   Str:       It affects your strength (+2).
   rElec:     It insulates you from electricity.
Jewellery
 e - a ring of fire
Scrolls
 f - 2 scrolls of vulnerability
 h - a scroll of immolation {unknown}
 i - a scroll of fear {unknown}
 j - a scroll of brand weapon {unknown}
 m - a scroll of magic mapping {unknown}
 n - 2 scrolls of identify {unknown}
 t - 3 scrolls of amnesia {unknown}
 u - a scroll of noise {unknown}
Potions
 g - a potion of mutation {unknown}
 k - 4 potions of curing {unknown}
 o - 2 potions of attraction {unknown}
 p - 2 potions of haste {unknown}
 q - a potion of flight {unknown}
 r - a potion of degeneration {unknown}
 s - a potion of heal wounds {unknown}


   Skills:
 * Level 4.4 Fighting
 + Level 3.3 Axes
 * Level 4.8 Armour
 * Level 0.6 Dodging
 * Level 4.2 Shields
 * Level 0.5 Invocations
 * Level 0.3 Evocations


You had 3 spell levels left.
You didn't know any spells.
Your spell library contained the following spells:

 Spells                   Type           Power      Damage    Failure   Level
 Apportation              Tloc           0%         N/A       85%         1
 Necrotize                Necr           0%         1d4       85%         1
 Summon Small Mammal      Summ           0%         N/A       85%         1
 Call Canine Familiar     Summ           0%         N/A       99%         3
 Dazzling Flash           Conj/Hex       0%         N/A       99%         3
 Portal Projectile        Hex/Tloc       0%         N/A       99%         3
 Iskenderun's Mystic Bla  Conj/Tloc      0%         2d3       100%        4
 Leda's Liquefaction      Hex/Erth       0%         N/A       100%        4
 Starburst                Conj/Fire      0%         6d3       100%        6


Dungeon Overview and Level Annotations

Branches:
Dungeon (3/15)

Altars:
Nemelex Xobeh

Annotations:
D:3 Grinder


Innate Abilities, Weirdness & Mutations

You have a pair of horns on your head.
You reflexively headbutt those who attack you in melee.


Message History

You see here 13 stones.
Found a stone staircase leading down.
n - 2 scrolls labelled BOWAUNTUXZAF (gained 1)
f - 2 scrolls of vulnerability (gained 1)
You open the door.
Grinder comes into view.
She is carrying a wand of flame (21).
Grinder shouts!
Grinder is nearby!
Grinder is nearby!
Grinder zaps a wand.
The puff of flame hits you!
There is an open door here.
You hit Grinder but do no damage. Your headbutt misses Grinder.
Grinder gestures at you. Pain shoots through your body!
You closely miss Grinder. Your headbutt misses Grinder.
Grinder hits you but does no damage. Grinder hits you.
You are too injured to fight recklessly!
You are too injured to fight recklessly!
You are too injured to fight recklessly!
You aren't carrying any items that you can evoke.
You feel very mighty all of a sudden. Grinder gestures at you.
You suddenly lose the ability to move!
Grinder hits you but does no damage. Grinder gestures at you.
You barely resist. Grinder hits you!
You can move again.
You barely miss Grinder.
Grinder grins, showing sharp teeth.
Grinder hits you but does no damage.
You slash Grinder! Your headbutt misses Grinder.
Grinder is moderately wounded.
Grinder hits you.
* * * LOW HITPOINT WARNING * * *
You closely miss Grinder.
Grinder is moderately wounded.
Grinder hits you but does no damage.
Grinder zaps a wand.
The puff of flame hits you!
You die...

..######################
..................(..[..
..>.....................
....###.################
.. #@# #..5...# #......#
#......# ##+##### ## #.
#. #.


You could see Grinder.

Vanquished Creatures
  6 gnolls
  An adder (D:2)
  2 dart slugs
  4 bats (D:1)
  An endoplasm (D:1)
  2 giant cockroaches
  6 hobgoblins
  2 jackals (D:2)
  9 kobolds
  5 quokkas
  3 ball pythons
  2 frilled lizards
  6 rats
49 creatures vanquished.

Notes
Turn   | Place    | Note
-------+----------+-------------------------------------------
     0 | D:1      | Zdeegee the Minotaur Fighter began the quest for the Orb.
     0 | D:1      | Reached XP level 1. HP: 19/19 MP: 0/0
   183 | D:1      | Reached XP level 2. HP: 23/27 MP: 1/1
   775 | D:2      | Reached XP level 3. HP: 28/33 MP: 2/2
   888 | D:2      | Identified the +5 scale mail of Zoteno {rElec Str+2}
   925 | D:2      | Reached XP level 4. HP: 14/40 MP: 3/3
  1858 | D:3      | Found a sparkling altar of Nemelex Xobeh.
  2303 | D:3      | Noticed Grinder
  2307 | D:3      | Paralysed by Grinder for 4 turns
  2313 | D:3      | Killed from afar by Grinder

Illustrated notes

Levels and vault maps discovered:
D:1:      saegor_arrival_simple_e, layout_loops_ring
D:2:      layout_rooms, minmay_misc_feat_cross
D:3:      layout_basic, lemuel_doored_altar, serial_curves, eino_curves_02,
          eino_curves_01, uniq_grinder, uniq_natasha

Skill      XL: |  1  2 |
---------------+-------+-----
Fighting       | 4 |  4.4
Axes           | 3 |  3.3
Armour         | 4 |  4.8
Shields        | 4 |  4.2
Dodging        | |  0.6
Invocations    | |  0.5
Evocations     | |  0.3

Action                   |  1- 3 |  4- 6 || total
-------------------------+-------+-------++-------
Melee: War axe           |    65 |    48 ||   113
       Headbutt          |    13 |     8 ||    21
  Use: Scroll            |       |     1 ||     1
       Potion            |       |     1 ||     1
Armor: Scale mail        |    31 |    30 ||    61
Dodge: Dodged            |    38 |    24 ||    62
Block: Buckler           |    14 |    13 ||    27

Table legend: (Time is in decaauts)
 A = Elapsed time spent in this place.
 B = Non-inter-level travel time spent in this place.
 C = Inter-level travel time spent in this place.
 D = Time resting spent in this place.
 E = Time spent auto-exploring this place.
 F = Levels seen in this place.
 G = Mean time per level.
                   A        B        C        D        E       F      G
               +--------+--------+--------+--------+--------+-----+--------+
         Total |   2358 |   2317 |     41 |    439 |   1508 |   3 |  786.0 |
       Dungeon |   2358 |   2317 |     41 |    439 |   1508 |   3 |  786.0 |
               +--------+--------+--------+--------+--------+-----+--------+

Top non-repeatable levels by time:
     D:3: 944 daAuts
     D:1: 784 daAuts
     D:2: 629 daAuts
